 Dungeon Crawl Stone Soup version 0.17-a0-465-g279efb6 (webtiles) character file.

119 Gunnerkreig the Magician (level 4, 0/33 HPs)
             Began as a Draconian Fire Elementalist on Apr 5, 2015.
             Slain by an orc priest
             ... wielding a +0 mace
              (4 damage)
             ... on level 3 of the Dungeon.
             The game lasted 00:13:43 (2402 turns).

Gunnerkreig the Magician (DrFE)                     Turns: 2402, Time: 00:13:43

Health: 0/33       AC:  5    Str: 15      XL:     4   Next: 74%
Magic:  4/10       EV: 12    Int: 14 (17) God:
Gold:   129        SH:  0    Dex: 11      Spells: 1 memorised, 11 levels left

rFire  . . .     SeeInvis .     n - +0 short sword
rCold  . . .     Clarity  .     (armour unavailable)
rNeg   . . .     SustAb   .     (no shield)
rPois  .         Gourm    .     (helmet restricted)
rElec  .         Spirit   .     (no cloak)
rCorr  .         Warding  .     (no gloves)
rMut   .         Stasis   .     (no boots)
MR     .....                    (no amulet)
Stlth  +++.......               h - ring of stealth
                                j - ring of invisibility

@: mighty, very slightly contaminated, not resistant to hostile enchantments,
fairly stealthy
A: unfitting armour, cold-blooded, AC +5
a: Evoke Invisibility


You were on level 3 of the Dungeon.
You were not hungry.

You visited 1 branch of the dungeon, and saw 3 of its levels.

You collected 129 gold pieces.

Inventory:

Hand weapons
 n - a +0 short sword (weapon)
 s - a +0 hunting sling
Jewellery
 h - a ring of stealth (right hand)
 j - a ring of invisibility (left hand)
Magical devices
 a - a wand of digging (15)
Scrolls
 e - 3 scrolls of identify
 g - a scroll of enchant armour
 i - a scroll of immolation
 m - a scroll of recharging
Potions
 l - a potion of might
Books
 b - a book of Flames

   Spells                             Type                      Level
   a - Flame Tongue                   Conjuration/Fire             1
   b - Throw Flame                    Conjuration/Fire             2
   c - Conjure Flame                  Conjuration/Fire             3
   d - Inner Flame                    Hexes/Fire                   3
   e - Sticky Flame                   Conjuration/Fire             4
   f - Fireball                       Conjuration/Fire             5
Comestibles
 c - a bread ration
 d - a slice of pizza
 f - 2 meat rations
 k - a royal jelly
 o - a beef jerky


   Skills:
 - Level 1.7 Dodging
 - Level 1.7 Stealth
 + Level 4.5 Spellcasting
 - Level 1.0 Conjurations
 - Level 3.2 Fire Magic


You had 11 spell levels left.
You knew the following spells:

 Your Spells              Type           Power        Failure   Level  Hunger
a - Flame Tongue          Conj/Fire      #....        10%         1    None


Dungeon Overview and Level Annotations

Branches:
Dungeon (3/15)

Altars:


Innate Abilities, Weirdness & Mutations

Your plain brown scales are hard (AC +5).
Your body does not fit into most forms of armour.
You are cold-blooded and may be slowed by cold attacks.


Message History

Your tail-slap misses the orc priest.
The orc priest is almost dead.
The orc priest calls upon Beogh to heal the orc priest.
The orc priest is healed somewhat.
The orc priest hits you with a mace!
* * * LOW HITPOINT WARNING * * *
You hear a shout!
That item cannot be evoked!
That item cannot be evoked!
Casting: Flame Tongue
Confirm with . or Enter, or press ? or * to list all spells.
Aiming: Flame Tongue
Press: ? - help, Shift-Dir - straight line, f/p - orc priest
Aim: an orc priest, wielding a mace and wearing a scale mail (heavily wounded)
The flame tongue hits the orc priest.
The orc priest appears unharmed.
The orc priest is heavily wounded.
The orc priest glows brightly for a moment.
The orc priest closely misses you.
You feel very mighty all of a sudden. The orc priest hits you with a mace.
You die...

###.##........##.(#### #
.#.###(..............##.###
..............##.(##.......
#.####.......o...(......#...
#.# #..#...####o..)........
#.####..##.## #)########...
#...<>....#.## #o#
.........###.###o########
........## ##...@........
#######..###.##.#########
#.#.#.###.# #.##.## #.
#.##.# #. #....# #. #.### #.
#.# #. #.# .


You could see 2 orc priests and an orc.

Vanquished Creatures
  Ijyb (D:2)
  Jessica (D:2)
  3 adders (D:2)
  2 worms
  A giant gecko (D:3)
  A ball python (D:3)
  2 bats
  A giant cockroach (D:1)
  4 goblins
  2 hobgoblins (D:1)
  6 kobolds
  A giant newt (D:2)
  3 rats
28 creatures vanquished.

Notes
Turn   | Place    | Note
--------------------------------------------------------------
     0 | D:1      | Gunnerkreig, the Draconian Fire Elementalist, began the quest for the Orb.
     0 | D:1      | Reached XP level 1. HP: 14/14 MP: 3/3
   483 | D:1      | Reached XP level 2. HP: 20/20 MP: 0/5
  1119 | D:2      | Noticed Jessica
  1129 | D:2      | Killed Jessica
  1129 | D:2      | Reached XP level 3. HP: 26/26 MP: 0/7
  1674 | D:2      | Reached XP level 4. HP: 33/33 MP: 2/9
  1770 | D:2      | Reached skill level 4 in Spellcasting
  1932 | D:2      | Noticed Ijyb
  1946 | D:2      | Killed Ijyb
  2402 | D:3      | Slain by an orc priest

Action                   |  1- 3 |  4- 6 || total
-------------------------+-------+-------++-------
Melee: Unarmed           |    24 |     5 ||    29
       Short sword       |       |     1 ||     1
 Cast: Flame Tongue      |    43 |    34 ||    77
  Use: Potion            |     5 |     5 ||    10
       Scroll            |     4 |     2 ||     6
  Eat: Bread ration      |     1 |       ||     1
       Chunk             |       |     1 ||     1
